 Dungeon Crawl Stone Soup version 0.30-a0-613-gdd512c7efb (webtiles) character file.

Game seed: 9250513156005411945

49 acebull12 the Firebug (level 3, -2/22 (27) HPs)
             Began as a Hill Orc Fire Elementalist on Jan 9, 2023.
             Slain by Terence
             ... wielding a +1 short sword of draining
              (5 damage)
             ... on level 2 of the Dungeon.
             The game lasted 00:03:49 (1875 turns).

acebull12 the Firebug (Hill Orc Fire Elementalist)  Turns: 1875, Time: 00:03:49

HP:   -2/22 (27)    AC:  3    Str: 12    XL:     3   Next: 77%
MP:   2/6           EV: 12    Int: 15    God:
Gold: 82            SH:  0    Dex: 11    Spells: 5/6 levels left

rFire   . . .      SeeInvis .    g - +0 dagger (venom)
rCold   . . .      Faith    .    (no shield)
rNeg    . . .      Spirit   .    a - +0 robe
rPois   .          Reflect  .    (no helmet)
rElec   .          Harm     .    e - +0 cloak
rCorr   .          Rampage  .    (no gloves)
Will    .....                    (no boots)
Stlth   ++                       (no amulet)
HPRegen 0.23/turn                (no ring)
MPRegen 0.10/turn                (no ring)

@: heavily drained
A: no striking features
a: no special abilities


You were on level 2 of the Dungeon.
You visited 1 branch of the dungeon, and saw 2 of its levels.

You collected 82 gold pieces.

Inventory:

Hand Weapons
 g - a +0 dagger of venom (weapon)
Armour
 a - a +0 robe (worn)
 e - a +0 cloak (worn)
Scrolls
 f - a scroll of poison {unknown}
 j - a scroll of amnesia {unknown}
 k - a scroll of fog {unknown}
Potions
 b - a potion of magic
 c - a potion of curing {unknown}
 d - a potion of cancellation {unknown}
 h - a potion of haste {unknown}
 i - a potion of brilliance {unknown}
 l - a potion of ambrosia {unknown}


   Skills:
 + Level 0.8 Fighting
 + Level 0.6 Short Blades
 + Level 1.6 Dodging
 + Level 1.6 Stealth
 * Level 2.0 Spellcasting
 * Level 1.3 Conjurations
 * Level 4.1 Fire Magic


You had 5 spell levels left.
You knew the following spells:

 Your Spells              Type           Power      Damage    Failure   Level
a - Foxfire               Conj/Fire      36%        2x1d5     8%          1

Your spell library contained the following spells:

 Spells                   Type           Power      Damage    Failure   Level
 Scorch                   Fire           28%        2d6       6%          2
 Inner Flame              Hex/Fire       7%         N/A       28%         3
 Kindle Blastsparks       Fire/Tloc/Air  10%        2d10      36%         3
 Flame Wave               Conj/Fire      9%         2d6       58%         4


Dungeon Overview and Level Annotations

Branches:
Dungeon (2/15)

Altars:

Shops:
D:2 =

Annotations:
D:2 Terence


Message History

Terence hits you with a +1 short sword of draining.
You feel drained.
You are too injured to fight recklessly!
Casting: Foxfire (safe; 8% risk of failure)
Confirm with . or Enter, or press ? or * to list all spells.
You conjure some foxfire!
Terence closely misses you.
Terence is nearby!
Terence attacks as you move away!
Terence hits you with a +1 short sword of draining.
* * * LOW HITPOINT WARNING * * *
You feel drained.
* * * LOW HITPOINT WARNING * * *
The foxfire hits Terence but does no damage.
Terence is heavily wounded.
The foxfire hits Terence but does no damage.
Terence is heavily wounded.
Casting: Foxfire (safe; 8% risk of failure)
Confirm with . or Enter, or press ? or * to list all spells.
You conjure some foxfire!
Terence closely misses you.
Your foxfire dissipates!
The foxfire hits Terence but does no damage.
Terence is heavily wounded.
Casting: Foxfire (safe; 8% risk of failure)
Confirm with . or Enter, or press ? or * to list all spells.
You conjure some foxfire!
Terence hits you with a +1 short sword of draining.
* * * LOW HITPOINT WARNING * * *
You feel drained.
* * * LOW HITPOINT WARNING * * *
The foxfire hits Terence.
Terence is severely wounded.
The foxfire hits Terence but does no damage.
Terence is severely wounded.
You hit Terence but do no damage.
Terence looks even sicker.
Terence is severely wounded.
Terence hits you but does no damage.
You feel drained.
You hit Terence but do no damage.
Terence looks even sicker.
Terence is severely wounded.
Terence hits you with a +1 short sword of draining.
You die...

######..## #.# #...###.###
##..####.# #...#...#
##...##.# #.....###
###.##<## ##...###
#.....####...##
##########....#....#
.......###.##....#.# ###
###.....###.....# ##..
.........@@####...######..#
#########..................
#.##..[.......#####
#........#......###
#..#.......####....
####....##.#.####.....
.......##..#..........
............⌠.⌠##.....
##.....###....∩.##.....


You could see Terence (very poisoned).

Vanquished Creatures
  2 worms (D:2)
  A dart slug (D:2)
  3 bats (D:1)
  4 endoplasms
  3 goblins (D:1)
  5 hobgoblins
  5 jackals
  2 kobolds (D:1)
  3 quokkas
  2 ball pythons (D:2)
  2 frilled lizards
  3 rats
35 creatures vanquished.

Vanquished Creatures (others)
  52 foxfires
52 creatures vanquished.

Grand Total: 87 creatures vanquished

Notes
Turn   | Place    | Note
-------+----------+-------------------------------------------
     0 | D:1      | acebull12 the Hill Orc Fire Elementalist began the quest
                  | for the Orb.
     0 | D:1      | Reached XP level 1. HP: 14/14 MP: 3/3
   307 | D:1      | Reached XP level 2. HP: 10/20 MP: 4/4
   892 | D:1      | Reached XP level 3. HP: 26/26 MP: 4/6
  1232 | D:2      | Found Ukeshrado's Jewellery Emporium.
  1414 | D:2      | Reached skill level 4 in Fire Magic
  1861 | D:2      | Noticed Terence
  1875 | D:2      | Slain by Terence

Illustrated notes

Levels and vault maps discovered:
D:1:      dpeg_arrival_three_same_balls, layout_basic
D:2:      layout_rooms, serial_shops, shop_fountains, uniq_terence

Skill      XL: |  1  2  3 |
---------------+----------+-----
Spellcasting   | 2 |  2.0
Fire Magic     | 4 |  4.1
Fighting       | |  0.8
Short Blades   | |  0.6
Dodging        | |  1.6
Stealth        | |  1.6
Conjurations   | |  1.3

Action                   || total
-------------------------++-------
Melee: Dagger            ||    85
       Unarmed           ||     4
 Cast: Foxfire           ||    29
Armor: Robe              ||    14
Dodge: Dodged            ||    47

Table legend: (Time is in decaauts)
 A = Elapsed time spent in this place.
 B = Non-inter-level travel time spent in this place.
 C = Inter-level travel time spent in this place.
 D = Time resting spent in this place.
 E = Time spent auto-exploring this place.
 F = Levels seen in this place.
 G = Mean time per level.
                   A        B        C        D        E       F      G
               +--------+--------+--------+--------+--------+-----+--------+
         Total |   1874 |   1773 |    101 |     63 |   1415 |   2 |  937.0 |
       Dungeon |   1874 |   1773 |    101 |     63 |   1415 |   2 |  937.0 |
               +--------+--------+--------+--------+--------+-----+--------+

Top non-repeatable levels by time:
     D:1: 1273 daAuts
     D:2: 601 daAuts
